 Dungeon Crawl Stone Soup version 0.27-a0-67-g4bfc8a49e1 (webtiles) character file.

Game seed: 8450166735976962449

162 Borgoz the Cudgeller (level 5, 0/32 HPs)
             Began as a Gargoyle Gladiator on Jan 9, 2021.
             Slain by an orc priest
             ... wielding a +0 club
              (1 damage)
             ... on level 3 of the Dungeon.
             The game lasted 00:02:07 (2288 turns).

Borgoz the Cudgeller (Gargoyle Gladiator)           Turns: 2288, Time: 00:02:08

Health: 0/32       AC: 10    Str: 18    XL:     5   Next: 43%
Magic:  5/5        EV: 12    Int:  8    God:
Gold:   95         SH:  0    Dex: 12    Spells: 4/4 levels left

rFire    . . .     SeeInvis .   a - +0 flail
rCold    . . .     Faith    .   (no shield)
rNeg     + . .     Spirit   .   h - +0 ring mail
rPois    ∞         Reflect  .   c - +0 helmet
rElec    +         Harm     .   (no cloak)
rCorr    .         Rampage  .   (no gloves)
Will     .....                  (no boots)
Stlth    ++........             (no amulet)
HPRegen  0.10/turn              l - ring of stealth
MPRegen  0.09/turn              (no ring)

@: no status effects
A: negative energy resistance 1, electricity resistance, unbreathing,
petrification resistance, miasma immunity, AC +4
a: no special abilities


You were on level 3 of the Dungeon.
You visited 1 branch of the dungeon, and saw 3 of its levels.

You collected 95 gold pieces.

Inventory:

Hand Weapons
 a - a +0 flail (weapon)
Missiles
 d - 3 throwing nets (quivered)
Armour
 c - a +0 helmet (worn)
 h - a +0 ring mail (worn)
Jewellery
 l - a ring of stealth (left hand)
Scrolls
 f - 2 scrolls of remove curse
 j - 3 scrolls of magic mapping {unknown}
 k - a scroll of amnesia {unknown}
Potions
 b - a potion of heal wounds
 e - 2 potions of curing
 g - a potion of might
 i - 2 potions of haste {unknown}


   Skills:
 + Level 3.2 Fighting
 * Level 4.4 Maces & Flails
 - Level 1.7 Throwing
 + Level 2.2 Armour
 + Level 3.0 Dodging


You had 4 spell levels left.
You didn't know any spells.
Your spell library was empty.

Dungeon Overview and Level Annotations

Branches:
Dungeon (3/15)

Altars:
The Shining One


Innate Abilities, Weirdness & Mutations

You are resistant to torment.
Your stone body is resilient. (AC +4)
You are immune to poison.
You resist negative energy. (rN+)
You are resistant to electric shocks. (rElec)
You can survive without breathing.
You are immune to petrification.
You are immune to miasma.


Message History

The orc wizard hits you with a +0 dagger.
The orc wizard barely misses you.
You see here a +0 falchion.
You hit the orc wizard.
You kill the orc wizard!
An orc comes into view. It is wielding a +0 club.
The orc priest casts a cantrip, but nothing happens.
You barely miss the orc priest. The orc priest barely misses you.
You hit the orc priest.
The orc priest is lightly wounded.
The orc priest looks satisfied for a moment.
You thump the orc priest!
The orc priest is almost dead.
The orc priest calls down the wrath of Beogh upon you.
Beogh smites you!
* * * LOW HITPOINT WARNING * * *
You closely miss the orc priest.
The orc priest is almost dead.
The orc priest hits you with a +0 club.
You die...

+..#..##...#.###.###
.
#...##..........#####
#. #................
........#.######.
.##..####.# #.. #.#
#. #.# #. #.# #@# #o#
#o# ..# ###


You could see an orc priest and an orc.

Vanquished Creatures
  A scorpion (D:3)
  An orc wizard (D:3)
  2 adders
  2 worms (D:2)
  A dart slug (D:1)
  A leopard gecko (D:2)
  5 orcs (D:3)
  4 bats
  3 giant cockroaches
  6 hobgoblins
  7 jackals
  7 kobolds
  A quokka (D:2)
  3 frilled lizards
  7 goblins
  4 rats
55 creatures vanquished.

Notes
Turn   | Place    | Note
-------+----------+-------------------------------------------
     0 | D:1      | Borgoz the Gargoyle Gladiator began the quest for the Orb.
     0 | D:1      | Reached XP level 1. HP: 12/12 MP: 1/1
   149 | D:1      | Reached XP level 2. HP: 18/18 MP: 2/2
   679 | D:1      | Reached skill level 1 in Armour
   830 | D:2      | Reached XP level 3. HP: 21/22 MP: 3/3
  1394 | D:2      | Reached XP level 4. HP: 12/27 MP: 4/4
  1845 | D:3      | Reached skill level 4 in Maces & Flails
  1849 | D:3      | Reached XP level 5. HP: 18/32 MP: 5/5
  2041 | D:3      | Found a glowing golden altar of the Shining One.
  2287 | D:3      | HP: 1/32 [orc priest/divine providence (15)]
  2288 | D:3      | Slain by an orc priest

Illustrated notes

Levels and vault maps discovered:
D:1:      lightli_molten_gateway, layout_basic, lemuel_another_geyser
D:2:      layout_loops_cross, st_stairs_5, chequers_arboretum
D:3:      layout_loops_ring, tso_metal_star, grunt_temple_overflow_magic_moments

Skill      XL: |  1  2  3  4  5 |
---------------+----------------+-----
Armour         | 1 2 |  2.2
Fighting       | 3 |  3.2
Maces & Flails | 4 |  4.4
Dodging        | 3 |  3.0
Throwing       | |  1.7

Action                   |  1- 3 |  4- 6 || total
-------------------------+-------+-------++-------
Melee: Flail             |   148 |    85 ||   233
  Use: Scroll            |     1 |     3 ||     4
Armor: Leather armour    |    49 |       ||    49
       Ring mail         |    45 |    65 ||   110
Dodge: Dodged            |   130 |    79 ||   209

Table legend: (Time is in decaauts)
 A = Elapsed time spent in this place.
 B = Non-inter-level travel time spent in this place.
 C = Inter-level travel time spent in this place.
 D = Time resting spent in this place.
 E = Time spent auto-exploring this place.
 F = Levels seen in this place.
 G = Mean time per level.
                   A        B        C        D        E       F      G
               +--------+--------+--------+--------+--------+-----+--------+
         Total |   2336 |   2299 |     37 |    831 |    983 |   3 |  778.7 |
       Dungeon |   2336 |   2299 |     37 |    831 |    983 |   3 |  778.7 |
               +--------+--------+--------+--------+--------+-----+--------+

Top non-repeatable levels by time:
     D:2: 1036 daAuts
     D:1: 833 daAuts
     D:3: 467 daAuts
